2633 views
Uploaded 2020-12-28 16:49:39
Game version 1.32.8
20:45 long 1on1 custom game on (2)NorthernIsles
Game name "w3c-20-GMJTRXLUy"
Saved by Schlüssel
2633 views
Uploaded 2020-12-28 16:49:39
Game version 1.32.8
20:45 long 1on1 custom game on (2)NorthernIsles
Game name "w3c-20-GMJTRXLUy"

30 units @ 4k
/ 0.3k
18 buildings @ 1.8k
/ 0.7k


| Scroll of Regeneration | 3 | 300 |
| Lesser Clarity Potion | 3 | 210 |
| Potion of Mana | 1 | 200 |
| Scroll of Healing | 1 | 250 |
| Potion of Lesser Invulnerability | 1 | 150 |
| Boots of Speed | 1 | 250 |
| total: | 10 | 1360g |
| Peasant | 10 | 750 | / | 0 |
| Footman | 5 | 675 | / | 0 |
| Priest | 5 | 675 | / | 50 |
| Sorceress | 4 | 620 | / | 80 |
| Spell Breaker | 6 | 1290 | / | 180 |
| total: | 30 | 4010g | / | 310w |
| Scout Tower | 2 | 60 | / | 40 |
| Arcane Tower | 1 | 70 | / | 50 |
| Altar of Kings | 1 | 180 | / | 50 |
| Farm | 10 | 800 | / | 200 |
| Barracks | 2 | 320 | / | 120 |
| Arcane Vault | 1 | 130 | / | 30 |
| Arcane Sanctum | 2 | 300 | / | 280 |
| Keep | 1 | 320 | / | 210 |
| total: | 18 | 1790g | / | 720w |
| 0:00 | Peasant |
| 0:05 | Altar of Kings |
| 0:08 | Peasant |
| 0:09 | Peasant |
| 0:17 | Farm |
| 0:21 | Barracks |
| 0:22 | Barracks |
| 0:35 | Peasant |
| 0:53 | Peasant |
| 0:56 | Farm |
| 1:10 | Peasant |
| 1:18 | Peasant |
| 1:23 | Footman |
| 1:36 | Farm |
| 1:41 | Footman |
| 1:48 | Peasant |
| 1:57 | Peasant |
| 2:04 | Summon Water Elemental |
| 2:15 | Footman |
| 2:43 | Footman |
| 2:43 | Footman |
| 2:43 | Peasant |
| 3:22 | Keep |
| 3:32 | Scout Tower |
| 3:34 | Scout Tower |
| 3:36 | Brilliance Aura |
| 3:42 | Arcane Vault |
| 4:22 | Arcane Tower |
| 5:35 | Farm |
| 5:38 | Farm |
| 5:53 | Defend |
| 5:56 | Arcane Sanctum |
| 5:57 | Arcane Sanctum |
| 6:03 | Scroll of Regeneration |
| 6:03 | Lesser Clarity Potion |
| 6:50 | Farm |
| 7:09 | Priest Adept Training |
| 7:10 | Priest |
| 7:12 | Priest |
| 7:56 | Sorceress |
| 7:57 | Spell Breaker |
| 7:59 | Farm |
| 8:05 | Summon Water Elemental |
| 8:31 | Storm Bolt |
| 8:31 | Thunder Clap |
| 8:51 | Spell Breaker |
| 8:51 | Control Magic |
| 8:54 | Farm |
| 9:38 | Spell Breaker |
| 10:07 | Thunder Clap |
| 11:35 | Potion of Lesser Invulnerability |
| 11:36 | Scroll of Healing |
| 11:36 | Boots of Speed |
| 11:42 | Priest |
| 12:05 | Priest |
| 12:10 | Sorceress |
| 12:50 | Sorceress |
| 13:09 | Storm Bolt |
| 13:37 | Sorceress Adept Training |
| 13:59 | Spell Breaker |
| 14:43 | Farm |
| 14:43 | Farm |
| 15:48 | Brilliance Aura |
| 16:01 | Spell Breaker |
| 16:02 | Spell Breaker |
| 17:16 | Scroll of Regeneration |
| 17:16 | Lesser Clarity Potion |
| 17:23 | Lesser Clarity Potion |
| 17:28 | Sorceress |
| 17:28 | Priest |
| 17:42 | Scroll of Regeneration |
| 17:57 | Potion of Mana |
| Right click | 938 |
| Select | 433 |
| Chat | 350 |
| Select group | 339 |
| Misc. action | 189 |
| Build/train/purchase | 117 |
| Assign group | 45 |
| Use ability | 41 |
| Item give/drop | 4 |
| Esc | 1 |
53 units @ 6.8k
/ 0.9k
14 buildings @ 2.2k
/ 0.8k


| Potion of Healing | 3 | 450 |
| Scroll of Speed | 3 | 150 |
| Healing Salve | 6 | 600 |
| Orb of Lightning | 2 | 750 |
| Lesser Clarity Potion | 6 | 420 |
| Tiny Great Hall | 1 | 600 |
| Scroll of Healing | 2 | 500 |
| Scroll of Town Portal | 1 | 350 |
| Dust of Appearance | 1 | 75 |
| Potion of Lesser Invulnerability | 2 | 300 |
| total: | 27 | 4195g |
| Peon | 17 | 1275 | / | 0 |
| Troll Headhunter | 10 | 1400 | / | 200 |
| Shaman | 10 | 1300 | / | 200 |
| Troll Berserker | 10 | 1400 | / | 200 |
| Raider | 1 | 180 | / | 40 |
| Kodo Beast | 5 | 1275 | / | 300 |
| total: | 53 | 6830g | / | 940w |
| Altar of Storms | 1 | 180 | / | 50 |
| Orc Burrow | 5 | 800 | / | 200 |
| War Mill | 1 | 205 | / | 0 |
| Barracks | 2 | 360 | / | 100 |
| Voodoo Lounge | 2 | 260 | / | 60 |
| Spirit Lodge | 2 | 300 | / | 300 |
| Beastiary | 1 | 145 | / | 140 |
| Stronghold | 1 | 315 | / | 190 |
| Fortress | 1 | 325 | / | 190 |
| total: | 14 | 2250g | / | 850w |
| 0:06 | Peon |
| 0:07 | Altar of Storms |
| 0:08 | Peon |
| 0:19 | Orc Burrow |
| 0:30 | Peon |
| 0:52 | Peon |
| 0:57 | Peon |
| 1:01 | Peon |
| 1:02 | Peon |
| 1:53 | Stronghold |
| 1:56 | War Mill |
| 2:03 | Barracks |
| 2:05 | Barracks |
| 2:10 | Feral Spirit |
| 2:17 | Orc Burrow |
| 2:42 | Orc Burrow |
| 3:10 | Troll Headhunter |
| 3:24 | Troll Headhunter |
| 3:26 | Voodoo Lounge |
| 3:50 | Troll Headhunter |
| 4:03 | Troll Headhunter |
| 4:27 | Troll Headhunter |
| 4:31 | Potion of Healing |
| 4:46 | Scroll of Speed |
| 4:49 | Healing Salve |
| 4:59 | Troll Regeneration |
| 5:13 | Voodoo Lounge |
| 5:15 | War Stomp |
| 5:23 | Troll Headhunter |
| 5:47 | Troll Headhunter |
| 5:51 | Spirit Lodge |
| 5:59 | Spirit Lodge |
| 6:13 | Troll Headhunter |
| 6:38 | Fortress |
| 6:46 | Chain Lighting |
| 7:11 | Endurance Aura |
| 7:14 | Shaman |
| 7:16 | Steel Ranged Weapons |
| 7:17 | Reinforced Defenses |
| 7:37 | Potion of Lesser Invulnerability |
| 7:37 | Scroll of Healing |
| 7:42 | Shaman |
| 7:54 | Orc Burrow |
| 8:13 | War Stomp |
| 8:23 | Shaman |
| 8:33 | Troll Headhunter |
| 8:55 | Shaman Adept Training |
| 8:56 | Troll Headhunter |
| 8:59 | Berserker Upgrade |
| 9:13 | Thorium Ranged Weapons |
| 9:34 | Beastiary |
| 9:43 | Orb of Lightning |
| 9:43 | Lesser Clarity Potion |
| 10:05 | Shaman |
| 10:05 | Troll Berserker |
| 10:08 | Feral Spirit |
| 10:56 | Endurance Aura |
| 11:05 | Troll Berserker |
| 11:07 | Raider |
| 11:08 | Kodo Beast |
| 11:09 | Shaman Master Training |
| 11:33 | Troll Berserker |
| 11:36 | Healing Salve |
| 11:40 | Lesser Clarity Potion |
| 11:40 | Scroll of Speed |
| 11:49 | Lesser Clarity Potion |
| 11:53 | Kodo Beast |
| 12:11 | Shaman |
| 12:17 | Chain Lighting |
| 12:25 | War Drums Damage Increase |
| 12:37 | Arcanite Ranged Weapons |
| 12:41 | Shaman |
| 13:16 | Orc Burrow |
| 13:36 | Healing Salve |
| 13:42 | War Stomp |
| 13:48 | Orb of Lightning |
| 14:07 | Tiny Great Hall |
| 14:26 | Peon |
| 14:27 | Peon |
| 14:29 | Peon |
| 14:29 | Peon |
| 15:36 | Troll Berserker |
| 15:36 | Troll Berserker |
| 15:37 | Kodo Beast |
| 15:58 | Shaman |
| 16:05 | Healing Salve |
| 16:05 | Lesser Clarity Potion |
| 16:09 | Healing Salve |
| 16:13 | Potion of Healing |
| 16:14 | Lesser Clarity Potion |
| 16:15 | Scroll of Speed |
| 16:17 | Peon |
| 16:17 | Peon |
| 16:19 | Peon |
| 16:35 | Peon |
| 16:35 | Peon |
| 16:57 | Peon |
| 17:03 | Feral Spirit |
| 17:08 | Troll Berserker |
| 17:10 | Kodo Beast |
| 17:11 | Shaman |
| 17:33 | Steel Armor |
| 17:39 | Lesser Clarity Potion |
| 17:47 | Healing Salve |
| 17:53 | Scroll of Town Portal |
| 17:55 | Potion of Healing |
| 18:00 | Troll Berserker |
| 18:01 | Shaman |
| 18:16 | Potion of Lesser Invulnerability |
| 18:41 | Dust of Appearance |
| 18:51 | Reincarnation |
| 19:08 | Troll Berserker |
| 19:10 | Scroll of Healing |
| 20:27 | Kodo Beast |
| 20:28 | Troll Berserker |
| 20:28 | Troll Berserker |
| 20:29 | Shaman |
| 20:32 | Earth Quake |
| Right click | 1455 |
| Select | 836 |
| Select group | 521 |
| Build/train/purchase | 214 |
| Misc. action | 95 |
| Assign group | 70 |
| Use ability | 64 |
| Chat | 35 |
| Esc | 9 |
| Item give/drop | 8 |